 Dungeon Sprint DCSS version 0.24.0-37-gcf1ca852f1 (webtiles) character file.

Game seed: 7929578692770718953, levelgen mode: deterministic

712 Cryoshakespeare the Unseen (level 7, 0/39 HPs)
             Began as a Vampire Assassin on Nov 23, 2019.
             Was a Follower of Wu Jian.
             Slain by a crimson imp (2 damage)
             ... summoned by a neqoxec
             ... summoned by a kobold demonologist
             ... in the Dungeon (Sprint I: "Red Sonja").
             The game lasted 00:03:44 (231 turns).

Cryoshakespeare the Unseen (Vampire Assassin)        Turns: 231, Time: 00:03:45

Health: 0/39       AC:  3    Str:  8 (10) XL:     7   Next: 41%
Magic:  7/7        EV: 12    Int: 12 (14) God:    Wu Jian [*.....]
Gold:   358        SH:  0    Dex: 15 (17) Spells: 6/6 levels left

rFire    . . .     SeeInvis +   a - +2 dagger
rCold    + + .     Gourm    .   (no shield)
rNeg     + + +     Faith    .   b - +0 robe
rPois    ∞         Spirit   .   (no helmet)
rElec    .         Reflect  .   c - +0 cloak
rCorr    .         Harm     .   (no gloves)
MR       .....     NoTele   +   (no boots)
Stlth    +++++++++.             (no amulet)
HPRegen  0.00/turn              (no ring)
MPRegen  0.10/turn              (no ring)

@: very slightly contaminated, bloodless, hasted, very quick
A: no food, fangs 3, see invisible, unbreathing
a: Bat Form, Revivify, Renounce Religion


You were in the Dungeon.
You worshipped Wu Jian.
Wu Jian was aware of your devotion.
You were bloodless.

You visited 1 branch You collected 358 gold pieces.

Inventory:

Hand Weapons
 a - a +2 dagger (weapon)
Missiles
 d - 8 poisoned darts (quivered)
 e - 2 curare-tipped darts
Armour
 b - a +0 robe (worn)
 c - a +0 cloak (worn)
Potions
 i - 2 potions of magic
 j - a potion of berserk rage


   Skills:
 - Level 1.7 Fighting
 + Level 10.5 Short Blades
 - Level 1.5 Throwing
 - Level 1.1 Dodging
 * Level 19.2 Stealth


You had 6 spell levels left.
You didn't know any spells.
Your spell library was empty.

Dungeon Overview and Level Annotations

Branches:
Dungeon (1/1)

Altars:
Cheibriados
Dithmenos
Elyvilon
Fedhas
Gozag
Hepliaklqana
Kikubaaqudgha
Makhleb
Nemelex Xobeh
Okawaru
Qazlal
Ru
Sif Muna
Trog
Uskayaw
Vehumet
Wu Jian
Xom
Yredelemnul
Zin
The Shining One
Jiyva
Lugonu

Shops:
D *


Innate Abilities, Weirdness & Mutations

You do not eat.
You do not regenerate when monsters are visible.
You are frail without blood (-20% HP).
You can heal yourself when you bite living creatures.
You are immune to poison.
You have razor-sharp teeth.
You have supernaturally acute eyesight. (SInv)
You can survive without breathing.


Message History

You hit the kobold demonologist but do no damage.
The kobold demonologist is almost dead.
The kobold demonologist hits you but does no damage.
The crimson imp misses you.
You hit the kobold demonologist but do no damage.
The kobold demonologist is almost dead.
The ufetubus hits you.
* * * LOW HITPOINT WARNING * * *
The ufetubus hits you.
* * * LOW HITPOINT WARNING * * *
You closely miss the kobold demonologist.
The kobold demonologist is almost dead.
The ufetubus closely misses you. The ufetubus hits you.
* * * LOW HITPOINT WARNING * * *
Unknown command.
You hit the kobold demonologist but do no damage.
The kobold demonologist is almost dead.
The kobold demonologist barely misses you.
The crimson imp hits you.
You die...

#######################
#K5K..#.)K..#_5#@5+s..#
'..#.)'..#..333K5.#..s##+#
#####'#####'#55####.s.s..#
####.$#...#%#### #####..+
#__####..##.# ##
#_____##'#_.+
#_.∩..†'..._#
#_..__##_.#+# #_____###+#


You could see a kobold demonologist, 2 sixfirhies, a neqoxec, an iron imp, a
crimson imp, a shadow imp and an ufetubus.

Vanquished Creatures
  A slime creature (D)
  Sigmund (D)
  A yak (D)
  A floating eye (D)
  An ogre (D)
  A jelly (D)
  Ijyb (D)
7 creatures vanquished.

Notes
Turn   | Place    | Note
-------+----------+-------------------------------------------
     0 | D        | Cryoshakespeare the Vampire Assassin began the quest for
                  | the Orb.
     0 | D        | Reached XP level 1. HP: 16/16 MP: 1/1
     2 | D        | Noticed Ijyb
     4 | D        | Killed Ijyb
     4 | D        | Reached skill level 9 in Stealth
     4 | D        | Reached XP level 2. HP: 22/22 MP: 2/2
     6 | D        | Noticed an ogre
     9 | D        | Killed an ogre
     9 | D        | Reached skill level 12 in Stealth
     9 | D        | Reached XP level 3. HP: 27/27 MP: 3/3
     9 | D        | Reached XP level 4. HP: 33/33 MP: 4/4
    18 | D        | Noticed Sigmund
    20 | D        | Killed Sigmund
    20 | D        | Reached skill level 15 in Stealth
    20 | D        | Reached XP level 5. HP: 30/30 MP: 5/5
    32 | D        | Found an ornate altar of the Wu Jian Council.
    32 | D        | Found a shimmering blue altar of Sif Muna.
    34 | D        | Found a radiant altar of Vehumet.
    38 | D        | Reached XP level 6. HP: 35/35 MP: 6/6
    45 | D        | Became a worshipper of the Wu Jian Council
    48 | D        | Found Pyig's General Store.
    48 | D        | Found an ancient bone altar of Kikubaaqudgha.
    48 | D        | Found a hazy altar of Hepliaklqana.
    48 | D        | Found a stormy altar of Qazlal.
    48 | D        | Found a hide-covered altar of Uskayaw.
    48 | D        | Found a blossoming altar of Fedhas.
    48 | D        | Found a bloodstained altar of Trog.
    48 | D        | Found an iron altar of Okawaru.
    48 | D        | Found a basalt altar of Yredelemnul.
    48 | D        | Found a glowing golden altar of the Shining One.
    48 | D        | Found a snail-covered altar of Cheibriados.
    48 | D        | Found a sacrificial altar of Ru.
    48 | D        | Found a glowing silver altar of Zin.
    48 | D        | Found a shadowy altar of Dithmenos.
    48 | D        | Found a white marble altar of Elyvilon.
    48 | D        | Noticed a yak
    49 | D        | Found an opulent altar of Gozag.
    49 | D        | Killed a yak
    49 | D        | Reached skill level 17 in Stealth
    50 | D        | Found a sparkling altar of Nemelex Xobeh.
    78 | D        | Found a viscous altar of Jiyva.
    78 | D        | Found a corrupted altar of Lugonu.
    78 | D        | Noticed a slime creature
    79 | D        | Found a burning altar of Makhleb.
    79 | D        | Found a shimmering altar of Xom.
    81 | D        | Killed a slime creature
    81 | D        | Reached skill level 10 in Short Blades
    81 | D        | Reached skill level 18 in Stealth
    81 | D        | Reached XP level 7. HP: 39/39 MP: 7/7
    93 | D        | Noticed a kobold demonologist
    94 | D        | Noticed a kobold demonologist
    99 | D        | Reached * piety under Wu Jian
    99 | D        | Reached skill level 19 in Stealth
   101 | D        | Noticed an orange demon
   104 | D        | Noticed a smoke demon
   117 | D        | Noticed an ice devil
   118 | D        | Noticed a ynoxinul
   140 | D        | Noticed a neqoxec
   154 | D        | Noticed a chaos spawn
   158 | D        | Noticed an orange demon
   161 | D        | Noticed a soul eater
   166 | D        | Noticed a sun demon
   188 | D        | Noticed a demonic crawler
   188 | D        | Noticed a demonic crawler
   188 | D        | Noticed a demonic crawler
   188 | D        | Noticed a demonic crawler
   198 | D        | Noticed a neqoxec
   217 | D        | Noticed a sixfirhy
   226 | D        | HP: 1/39 [kobold demonologist/+0 dagger (3)]
   229 | D        | Noticed a sixfirhy
   231 | D        | Slain by a crimson imp

Levels and vault maps discovered:
D:        dungeon_sprint_1 [red_sonja_temple_1, red_sonja_temple_small_1]

Skill      XL: |  1  2  3  4  5  6  7 |
---------------+----------------------+-----
Short Blades   | 4 6 8 10 | 10.5
Stealth        | 9 12 15 18 19 | 19.2
Fighting       | |  1.7
Throwing       | |  1.5
Dodging        | |  1.1

Action                   |  1- 3 |  4- 6 |  7- 9 || total
-------------------------+-------+-------+-------++-------
Melee: Dagger            |     2 |     4 |    74 ||    80
       Bite              |       |       |     7 ||     7
Invok: Lunge             |       |     1 |     1 ||     2
       Whirlwind         |       |       |    12 ||    12
 Abil: Exsanguinate      |       |     1 |       ||     1
       End Transformatio |       |       |     1 ||     1
       Bat Form          |       |       |     1 ||     1
  Use: Potion            |       |       |     3 ||     3
       Scroll            |       |       |     1 ||     1
 Stab: Sleeping          |     2 |     4 |       ||     6
Armor: Robe              |       |       |    17 ||    17
Dodge: Dodged            |       |       |    68 ||    68
